 Dungeon Crawl Stone Soup version 0.28.0 (webtiles) character file.

Game seed: 5983502744398108326

254 bromine the Ducker (level 5, -9/53 HPs)
             Began as a Troll Berserker on Feb 10, 2022.
             Was a Believer of Trog.
             Mangled by Duvessa (14 damage)
             ... on level 4 of the Dungeon.
             The game lasted 00:12:58 (2679 turns).

bromine the Ducker (Troll Berserker)                Turns: 2679, Time: 00:12:58

Health: -9/53      AC: 13    Str: 25    XL:     5   Next: 90%
Magic:  4/4        EV: 10    Int:  3    God:    Trog [**....]
Gold:   109        SH:  0    Dex:  6    Spells: 4/4 levels left

rFire   . . .      SeeInvis +   h - +1 long sword
rCold   + . .      Faith    .   (no shield)
rNeg    . . .      Spirit   .   b - +1 animal skin
rPois   .          Reflect  .   (helmet restricted)
rElec   .          Harm     .   (no cloak)
rCorr   .          Rampage  .   (gloves unavailable)
Will    .....                   (boots unavailable)
Stlth   +.........              (no amulet)
HPRegen 0.97/turn               j - +4 ring of protection
MPRegen 0.09/turn               l - ring "Jot Wido" {rC+ AC+4 Dex-5 Slay+2 SInv}

@: on berserk cooldown, slowed, very slow
A: large, unfitting armour, claws 3, regeneration 1, shaggy fur 1, tough skin 1
a: Renounce Religion, Berserk, Trog's Hand


You were on level 4 of the Dungeon.
You worshipped Trog.
Trog was pleased with you.
You visited 1 branch of the dungeon, and saw 4 of its levels.

You collected 234 gold pieces.
You spent 125 gold pieces at shops.

Inventory:

Hand Weapons
 a - a +0 hand axe
 e - a +0 mace
 h - a +1 long sword (weapon)
 o - a +0 long sword
 s - a +0 hand axe
Armour
 b - a +1 animal skin (worn)
Magical Staves
 i - a staff of air
Jewellery
 j - a +4 ring of protection (left claw)
 l - the ring "Jot Wido" (right claw) {rC+ AC+4 Dex-5 Slay+2 SInv}
   (You bought it in a shop on level 3 of the Dungeon)

   [ring of protection]

   AC:        It affects your AC (+4).
   Dex:       It affects your dexterity (-5).
   Slay:      It affects your accuracy & damage with ranged weapons and melee
   (+2).
   rC:        It protects you from cold.
   SInv:      It lets you see invisible.
Scrolls
 c - a scroll of enchant weapon
 n - a scroll of enchant armour
 p - a scroll of immolation
 t - a scroll of vulnerability {unknown}
Potions
 d - a potion of mutation
 f - a potion of haste
 g - a potion of resistance
 k - 2 potions of attraction
 m - 2 potions of heal wounds {unknown}
 q - a potion of might
 r - a potion of curing {unknown}


   Skills:
 + Level 3.1 Fighting
 + Level 2.4 Long Blades
 + Level 2.8(3.0) Axes
 + Level 1.2(2.3) Maces & Flails
 + Level 3.5 Dodging
 + Level 0.5 Stealth


You had 4 spell levels left.
You didn't know any spells.
Your spell library contained the following spells:

 Spells                   Type           Power      Damage    Failure   Level
 Conjure Flame            Conj/Fire      0%         6-21      88%         3
 Frozen Ramparts          Ice            0%         1d2       88%         3
 Ignite Poison            Fire/Tmut/Pois 0%         N/A       88%         3
 Ice Form                 Ice/Tmut       0%         N/A       99%         4
 Sticky Flame             Conj/Fire      0%         2d3       99%         4
 Summon Ice Beast         Ice/Summ       0%         N/A       99%         4


Dungeon Overview and Level Annotations

Branches:
Dungeon (4/15)             Temple (0/1) D:4

Altars:

Shops:
D:3 *

Annotations:
D:4 Duvessa


Innate Abilities, Weirdness & Mutations

You are too large for most types of armour.
You have claws for hands.
Your natural rate of healing is unusually fast.
You are covered in fur. (AC +1)
You have tough skin. (AC +1)


Message History

You kill Dowan!
Trog accepts your kill.
Trog appreciates your killing of a magic user.
Duvessa weeps, and shakes her weapon.
Duvessa goes berserk!
Duvessa closely misses you. The kobold barely misses you.
Duvessa hits you with a +0 short sword.
Things that are here:
a +0 dagger; a +0 robe You slash the kobold!
You kill the kobold!
Trog accepts your kill. Duvessa closely misses you.
Things that are here:
a +0 short sword; a kobold corpse You barely miss Duvessa.
Duvessa is moderately wounded.
You are no longer berserk.
You are exhausted.
You feel yourself slow down. Duvessa hits you with a +0 short sword.
Duvessa hits you but does no damage.
You barely miss Duvessa.
Duvessa is moderately wounded.
Duvessa hits you with a +0 short sword. Duvessa hits you with a +0 short sword!
Duvessa hits you but does no damage.
You hit Duvessa.
Duvessa is moderately wounded.
Duvessa hits you but does no damage. x2
Duvessa hits you with a +0 short sword!
* * * LOW HITPOINT WARNING * * *
You hit Duvessa.
Duvessa is heavily wounded.
Duvessa hits you with a +0 short sword.
* * * LOW HITPOINT WARNING * * *
Duvessa hits you with a +0 short sword!
* * * LOW HITPOINT WARNING * * *
You hit Duvessa.
Duvessa is heavily wounded.
Duvessa hits you but does no damage. Duvessa barely misses you.
Duvessa hits you with a +0 short sword!
You die...

###########
#.e@.......
#.####.###.
#.# #.#
#####.####
#........#
#.###.##.#
#.....##.#
###......#


You could see Duvessa (berserk).

Vanquished Creatures
  Dowan (D:4)
  A bullfrog skeleton (D:4)
  2 orc wizards (D:3)
  5 adders
  4 dart slugs
  6 orcs (D:3)
  11 endoplasms
  A giant cockroach (D:1)
  4 goblins
  4 hobgoblins
  3 jackals (D:3)
  4 kobolds
  3 quokkas
  6 ball pythons
  5 bats
  A frilled lizard (D:2)
  7 rats
68 creatures vanquished.

Vanquished Creatures (others)
  8 plants (D:4)
8 creatures vanquished.

Grand Total: 76 creatures vanquished

Notes
Turn   | Place    | Note
-------+----------+-------------------------------------------
     0 | D:1      | bromine the Troll Berserker began the quest for the Orb.
     0 | D:1      | Reached XP level 1. HP: 22/22 MP: 0/0
   198 | D:1      | Reached XP level 2. HP: 22/29 MP: 1/1
   345 | D:1      | Found a faded altar of an unknown god.
   800 | D:2      | Reached XP level 3. HP: 36/36 MP: 2/2
   807 | D:2      | Reached ** piety under Trog
  1036 | D:2      | Reached skill level 1 in Maces & Flails
  1409 | D:3      | Reached skill level 1 in Long Blades
  1409 | D:3      | Reached XP level 4. HP: 22/44 MP: 3/3
  1606 | D:3      | Found Vegiwn's Assorted Antiques.
  1651 | D:3      | Bought a slimy marble ring for 125 gold pieces
  1651 | D:3      | Identified the ring "Jot Wido" {rC+ AC+4 Dex-5 Slay+2 SInv}
                  | (You bought it in a shop on level 3 of the Dungeon)
  1784 | D:3      | Reached XP level 5. HP: 52/52 MP: 4/4
  2620 | D:4      | Found a staircase to the Ecumenical Temple.
  2662 | D:4      | Noticed Duvessa
  2662 | D:4      | Noticed Dowan
  2671 | D:4      | Killed Dowan
  2679 | D:4      | Mangled by Duvessa

Illustrated notes

Levels and vault maps discovered:
D:1:      heliophobic_arrival_battle_scene, layout_loops_ring,
          hellmonk_ecumenical_altar_lost_god, minmay_hexomino_f4
D:2:      layout_rooms, minmay_close_crescents
D:3:      layout_basic, serial_shops, nicolae_shop_crystal, portal_sewer_entry_d
D:4:      layout_basic, nemelex_altar_shiori,
          mainiacjoe_overflow_small_starburst, minitemple,
          minmay_temple_entry_glassed_door, serial_bayou_lagoon_a, uniq_duvessa,
          uniq_sigmund

Skill      XL: |  1  2  3  4  5 |
---------------+----------------+-----
Maces & Flails | 1 |  1.2
Long Blades    | 1 2 |  2.4
Dodging        | 3 |  3.5
Fighting       | 3 |  3.1
Axes           | |  2.8
Stealth        | |  0.5

Action                   |  1- 3 |  4- 6 || total
-------------------------+-------+-------++-------
Melee: Mace              |    25 |       ||    25
       Hand axe          |     6 |       ||     6
       Long sword        |    90 |    70 ||   160
Invok: Berserk           |       |     3 ||     3
  Use: Scroll            |     8 |     2 ||    10
 Stab: Distracted        |     1 |       ||     1
Armor: Animal skin       |    91 |    63 ||   154
Dodge: Dodged            |   104 |    58 ||   162
